 Dungeon Crawl Stone Soup version 0.15-a0-1579-gd26fec2 (console) character file.

1790 Money the Cleaver (level 9, -7/81 HPs)
             Began as a Hill Orc Fighter on June 19, 2014.
             Was an Elder of Cheibriados.
             Killed by divine providence
             ... invoked by an orc priest
              (12 damage)
             ... on Level 9 of the Dungeon.
             The game lasted 00:12:10 (2269 turns).

Money the Cleaver (Hill Orc Fighter)                Turns: 2269, Time: 00:12:10

HP  -7/81        AC 12     Str 31      XL: 9   Next:  8%
MP  18/18        EV  5     Int 17      God: Cheibriados [****..]
Gold 176         SH 11     Dex 19      Spells:  0 memorised,  8 levels left

rFire  + . .     SeeInvis .     b - +0 broad axe
rCold  . . .     Clarity  .     f - +0 plate armour
rNeg   . . .     rCorr    .     c - +0 shield
rPois  .         rRot     .     e - +0 helmet
rElec  .         Spirit   .     (no cloak)
SustAb .         Warding  .     (no gloves)
rMut   .         Stasis   .     (no boots)
Gourm  .                        (no amulet)
MR     .....                    (no ring)
                                k - ring of protection from fire

@: very slow, not resistant to hostile enchantments, extremely unstealthy
A: no striking features
a: Bend Time, Temporal Distortion, Slouch, Renounce Religion, Convert to Beogh


You were on level 9 of the Dungeon.
You worshipped Cheibriados.
Cheibriados was greatly pleased with you.
You were hungry.

You visited 2 branches of the dungeon, and saw 11 of its levels.
You also visited: Ossuary.

You collected 176 gold pieces.

Inventory:

Hand weapons
 b - a +0 broad axe (weapon)
Missiles
 w - 3 stones (quivered)
Armour
 c - a +0 shield (worn)
 e - a +0 helmet (worn)
 f - a +0 plate armour (worn)
Magical devices
 s - a wand of lightning (9) {unknown}
Comestibles
 d - 4 meat rations
 g - 2 beef jerkies
 x - 2 rotting chunks of quokka flesh
Scrolls
 h - a scroll of enchant armour {unknown}
 i - 11 scrolls of remove curse
 o - 3 scrolls of identify {unknown}
 p - 4 scrolls of fog {unknown}
 r - 2 scrolls of random uselessness {unknown}
 y - a scroll of vulnerability {unknown}
 A - a scroll of torment {unknown}
Jewellery
 k - a ring of protection from fire (left hand)
Potions
 a - a potion of agility {unknown}
 j - a potion of berserk rage {unknown}
 l - a potion of heal wounds {unknown}
 n - a potion of invisibility {unknown}
 q - 3 potions of curing
 t - a potion of magic {unknown}
 u - a potion of paralysis {unknown}
 v - a potion of brilliance {unknown}
Miscellaneous
 z - a stone of tremors


   Skills:
 * Level 7.9 Fighting
 + Level 11.3 Axes
 - Level 3.2 Armour
 - Level 3.2 Shields
 - Level 6.0 Invocations


You had 8 spell levels left.
You didn't know any spells.

Dungeon Overview and Level Annotations

Branches:
Dungeon (10/15)            Temple (1/1) D:4
    Orc: D:9-12        Lair: D:8-11

Altars:
Cheibriados
Dithmenos
Elyvilon
Fedhas
Gozag
Kikubaaqudgha
Nemelex Xobeh
Okawaru
Trog
Vehumet
Xom
Yredelemnul
Zin


Message History

You slash the orc!
You kill the orc!
Cheibriados appreciates the change of pace.
The orc throws a tomahawk.
The tomahawk hits you but does no damage.
The orc priest mumbles some strange prayers to Beogh against you.
Something smites you!
* * * LOW HITPOINT WARNING * * *
The orc hits you but does no damage.
The orc priest hits you from afar with a trident.
* * * LOW HITPOINT WARNING * * *
The orc hits you with a club.
* * * LOW HITPOINT WARNING * * *
Items here: %% )) a runed whip; a club; an orc corpse; an orc corpse The orc priest shouts, "Join the one true god or die!"
You hit the orc but do no damage.
The orc priest calls down the wrath of Beogh upon you.
Something smites you!
You die...

### #.# #. ..#
#.####. #.#
#...... #.#
#.##### #.#
##.##### ...
#....... #o#
#..##### #o# #..#
#@# #..#
#(#########..#
#(##..%......#
####.(..######.##
#......(.......#
#.#####...######
# #...# #...#
#...#


You could see an orc priest and an orc.

Vanquished Creatures
  A two-headed ogre (D:10)
  A wyvern (D:10)
  A yellow wasp (D:9)
  A sky beast (D:9)
  An orc warrior (D:7)
  An ogre (D:8)
  2 centaurs
  2 giant frogs
  A water moccasin zombie (Ossuary)
  A scorpion (D:9)
  A troll skeleton (D:9)
  2 crimson imps (D:8)
  2 hounds
  2 orc priests
  2 centaur skeletons
  A jelly (D:8)
  A kobold skeleton (D:9)
  4 orc wizards
  A big kobold zombie (Ossuary)
  An ogre zombie (D:8)
  2 mummies (Ossuary)
  8 adders
  A shadow imp (D:8)
  2 giant mites
  A worm (D:2)
  7 adder zombies
  3 giant geckos
  An ooze (D:5)
  17 orcs
  3 giant cockroaches
  A goblin (D:2)
  3 hobgoblins
  9 jackals
  2 quokkas
  13 bats
  2 giant newts
  A gnoll zombie (Ossuary)
  6 hobgoblin zombies (Ossuary)
  A jackal skeleton (D:4)
  8 kobolds
  8 kobold zombies (Ossuary)
  5 orc zombies
  6 rats
139 creatures vanquished.

Notes
Turn   | Place    | Note
--------------------------------------------------------------
     0 | D:1      | Money, the Hill Orc Fighter, began the quest for the Orb.
     0 | D:1      | Reached XP level 1. HP: 19/19 MP: 1/1
    46 | D:1      | Reached XP level 2. HP: 15/26 MP: 2/2
    65 | D:1      | Reached skill level 4 in Axes
   184 | D:2      | Reached XP level 3. HP: 20/31 MP: 3/3
   313 | D:3      | Found a blossoming altar of Fedhas.
   316 | D:3      | Found a basalt altar of Yredelemnul.
   316 | D:3      | Found a glowing silver altar of Zin.
   344 | D:4      | Found a staircase to the Ecumenical Temple.
   354 | Temple   | Entered the Ecumenical Temple
   427 | Temple   | Became a worshipper of Cheibriados the Contemplative
   503 | D:3      | Reached skill level 5 in Axes
   701 | D:4      | Reached skill level 1 in Invocations
   713 | D:4      | Reached XP level 4. HP: 39/39 MP: 5/5
   734 | D:5      | Entered Level 5 of the Dungeon
   757 | D:5      | Noticed a centaur
   763 | D:5      | Reached skill level 6 in Axes
   763 | D:5      | Reached XP level 5. HP: 11/45 MP: 6/6
   770 | D:5      | Killed a centaur
   779 | D:5      | Reached skill level 7 in Axes
   779 | D:5      | Reached XP level 6. HP: 11/51 MP: 8/10
  1174 | D:7      | Reached skill level 8 in Axes
  1193 | D:7      | Reached XP level 7. HP: 43/57 MP: 7/12
  1343 | D:8      | Reached skill level 9 in Axes
  1406 | D:8      | Reached skill level 5 in Invocations
  1611 | D:8      | Found a sand-covered staircase.
  1629 | Ossuary  | Entered an ossuary
  1672 | Ossuary  | Acquired Cheibriados' first power
  1693 | Ossuary  | Reached XP level 8. HP: 62/64 MP: 16/16
  1702 | Ossuary  | Reached skill level 10 in Axes
  1859 | D:9      | Reached skill level 5 in Fighting
  1969 | D:10     | Entered Level 10 of the Dungeon
  1977 | D:10     | Noticed a two-headed ogre
  1981 | D:10     | Killed a two-headed ogre
  2052 | D:10     | Reached skill level 11 in Axes
  2225 | D:9      | Acquired Cheibriados' second power
  2225 | D:9      | Reached XP level 9. HP: 17/79 MP: 18/18
  2269 | D:9      | Killed from afar by an orc priest

Action                   |  1- 3 |  4- 6 |  7- 9 || total
-------------------------+-------+-------+-------++-------
Melee: War axe           |   132 |    88 |     8 ||   228
       Broad axe         |       |       |   217 ||   217
Invok: Bend Time         |       |     1 |       ||     1
       Temporal Distorti |       |       |     2 ||     2
  Use: Potion            |       |     1 |     1 ||     2
       Scroll            |       |       |     1 ||     1
